AoeStats
← Meduusa

African Clearing

510507613Analyzed
2v2 RM · 8h ago on Oct 1, 2026· 33m 0s· 4 players
Game mode
Random Map
Map size
Medium (4 player)
Population
200
Speed
Normal
Resources
Standard
Victory
Conquest
Starting age
Dark Age
Ending age
Imperial Age
RankedLock teamsTeams togetherTeam positionsShared explorationLock speedFull tech treeHidden civsTurbo modeCheats
Victory
Defeat
🇨🇳 Georgians · China
1369
+11
🇨🇳 Spanish · China
1144
+19
🇫🇮 Persians · Finland
1240
-15
🇫🇮 Mongols · Finland
1229
-15
Snowdown
7:32 Loom
16:11 Feudal Age
17:00 Double-Bit Axe
18:17 Fletching
19:18 Padded Archer Armor
26:59 Castle Age
27:29 Bloodlines
27:49 Bow Saw
29:07 Bodkin Arrow
Meduusa
7:02 Loom
14:52 Feudal Age
14:56 Man-at-Arms
28:01 Castle Age
28:38 Scale Barding Armor
31:52 Chain Barding Armor
31:43 Forging
02281
3:06 Loom
13:30 Feudal Age
18:38 Gold Mining
19:24 Stone Mining
19:25 Double-Bit Axe
26:25 Horse Collar
29:47 Fletching
29:57 Padded Archer Armor
34:30 Castle Age
33:08 Stone Mining
02288
12:16 Feudal Age
13:19 Loom
16:32 Castle Age
15:11 Double-Bit Axe
17:58 Bow Saw
18:43 Wheelbarrow
19:26 Gold Mining
19:28 Stone Mining
22:00 Fletching
25:08 Bloodlines
25:01 Padded Archer Armor
27:13 Ballistics
26:44 Guard Tower
28:23 Bodkin Arrow
28:35 Murder Holes
29:17 Svan Towers
31:22 Hand Cart
36:08 Imperial Age
Connection lost

Rejoining the realm…

Still unreachable

The connection could not be restored.

Session expired

The server has moved on; the page needs a fresh start.